 Dungeon Crawl Stone Soup version 0.31-a0-986-g5e6e4ef867 (webtiles) character file.

Game seed: 4166366896146906867

38 porpoise the Shooter (level 3, -1/28 HPs)
             Began as a Human Hunter on Nov 6, 2023.
             Slain by Natasha (3 damage)
             ... on level 2 of the Dungeon.
             The game lasted 00:02:16 (766 turns).

porpoise the Shooter (Human Hunter)                  Turns: 766, Time: 00:02:16

Health: -1/28      AC:  3    Str: 11    XL:     3   Next: 65%
Magic:  3/3        EV: 12    Int: 11    God:
Gold:   59         SH:  0    Dex: 16    Spells: 2/2 levels left

rFire   . . .        a - +0 shortbow
rCold   . . .        (shield currently unavailable)
rNeg    . . .        c - +0 leather armour
rPois   .            (no helmet)
rElec   .            (no cloak)
rCorr   .            (no gloves)
SInv    .            (no boots)
Will    .....        (no amulet)
Stlth   ++           (no ring)
HPRegen 0.24/turn    (no ring)
MPRegen 0.08/turn

%: no passive effects
@: no status effects
A: no striking features
a: no special abilities


You were on level 2 of the Dungeon.
You visited 1 branch of the dungeon, and saw 2 of its levels.

You collected 59 gold pieces.

Inventory:

Hand Weapons
 a - a +0 shortbow (weapon)
Armour
 c - a +0 leather armour (worn)
Scrolls
 b - a scroll of butterflies
 d - a scroll of immolation {unknown}
 e - a scroll of silence {unknown}
 f - 2 scrolls of teleportation
 g - a scroll of enchant weapon {unknown}


   Skills:
 + Level 2.6 Fighting
 * Level 4.8 Ranged Weapons
 - Level 2.0 Dodging
 - Level 1.0 Stealth


You had 2 spell levels left.
You didn't know any spells.
Your spell library was empty.

Dungeon Overview and Level Annotations

Branches:
Dungeon (2/15)

Altars:

Annotations:
D:2 Natasha


Message History

You kill the frilled lizard!
No target in view!
As you read the scroll labelled GAUS TUKE, it crumbles to dust.
You feel strangely unstable.
It was a scroll of teleportation.
You climb upwards.
There is a stone staircase leading down here.
Your surroundings suddenly seem different.
You see here a +0 short sword.
There is a stone staircase leading down here.
You climb downwards.
A malevolent force fills the Dungeon... and a teleportation trap spontaneously manifests!
You are yanked towards some nearby monsters!
Your surroundings suddenly seem different.
Natasha and an adder come into view.
You shoot an arrow. The arrow hits Natasha.
Natasha is moderately wounded.
You hear a shout!
A hobgoblin comes into view.
Natasha claws you.
You shoot an arrow. The arrow misses Natasha.
Natasha barely misses you.
You shoot an arrow. The arrow hits Natasha.
Natasha is heavily wounded.
Natasha stares at you and mumbles some strange words.
The magic dart hits you! The adder misses you.
You can't go up here!
You shoot an arrow. The arrow completely misses Natasha.
The adder bites you. Natasha misses you. The hobgoblin hits you.
The adder barely misses you.
You shoot an arrow. The arrow closely misses Natasha.
Natasha stares at you and mumbles some strange words.
The magic dart hits you!
* * * LOW HITPOINT WARNING * * *
The hobgoblin barely misses you. The adder bites you.
* * * LOW HITPOINT WARNING * * *
The hobgoblin closely misses you. Natasha closely misses you.
You shoot an arrow. The arrow hits Natasha.
Natasha is almost dead.
The adder bites you but does no damage. The hobgoblin barely misses you.
Natasha claws you.
You die...
Natasha begins licking her fur clean.

#.# #.#
#.# ..#
#.# #.#
#h# #@#
......Sg#
.###.##.#
.. ... #.
### .. .


You could see Natasha, an adder and a hobgoblin.

Vanquished Creatures
  A gnoll (D:1)
  A ball python (D:1)
  An endoplasm (D:1)
  A giant cockroach (D:1)
  5 goblins (D:1)
  6 hobgoblins (D:1)
  A quokka (D:1)
  4 frilled lizards
  4 kobolds (D:1)
  3 rats (D:1)
27 creatures vanquished.

Notes
Turn   | Place    | Note
-------+----------+-------------------------------------------
     0 | D:1      | porpoise the Human Hunter began the quest for the Orb.
     0 | D:1      | Reached XP level 1. HP: 16/16 MP: 1/1
   195 | D:1      | Reached XP level 2. HP: 20/22 MP: 2/2
   216 | D:1      | Reached XP level 3. HP: 13/28 MP: 3/3
   760 | D:2      | Noticed Natasha
   766 | D:2      | Slain by Natasha

Illustrated notes

Levels and vault maps discovered:
D:1:      roderic_octagonal_star, layout_loops_ring
D:2:      layout_loops_ring, nicolae_elevator_lobby_asterisk,
          uniq_crazy_yiuf_cottage, uniq_natasha, uniq_jessica

Action                     || total
---------------------------++-------
   Fire: Shortbow          ||    83
    Use: Scroll            ||     1
 Armour: Leather armour    ||    22
  Dodge: Dodged            ||    26

Table legend: (Time is in decaauts)
 A = Elapsed time spent in this place.
 B = Non-inter-level travel time spent in this place.
 C = Inter-level travel time spent in this place.
 D = Time resting spent in this place.
 E = Time spent auto-exploring this place.
 F = Levels seen in this place.
 G = Mean time per level.
                   A        B        C        D        E       F      G
               +--------+--------+--------+--------+--------+-----+--------+
         Total |    784 |    750 |     34 |     64 |    551 |   2 |  392.0 |
       Dungeon |    784 |    750 |     34 |     64 |    551 |   2 |  392.0 |
               +--------+--------+--------+--------+--------+-----+--------+

Top non-repeatable levels by time:
     D:1: 773 daAuts
     D:2: 10 daAuts
